Map: Thunderbird LE

Players

GOReynor (Reynor)

  • Race: Zerg Zerg
  • League: Master
  • Spawn Location: 5:00

lIIllllIIlll (INnoVation) - Winner!

  • Race: Terran Terran
  • League: Master
  • Spawn Location: 11:00

Event: HomeStory Cup XX

VOD

Have the link to the VOD?

Description

Time

  • Played on: Nov. 21, 2019, 10:56 a.m.
  • Length: 20:27

All games in this series

Show
View Real Time Build Order
Export as new Build Order

GOReynor Zerg 

Build Orders: Hatch First, Lurkers 

Get SALT Encoding   

  12  0:00  Drone  
  13  0:12  Overlord  
  13  0:16  Drone  
  14  0:30  Drone x2  
  16  0:47  Hatchery  
  15  0:50  Drone  
  15  0:54  Drone  
  17  0:57  Drone  
  18  1:08  Extractor  
  17  1:12  Spawning Pool  
  17  1:16  Drone  
  17  1:19  Drone  
  18  1:27  Drone  
  19  1:38  Drone  
  20  1:49  Overlord  
  20  1:59  Queen x2  
  20  2:00  Zergling x4  
  26  2:10  Drone x2  
  28  2:21  Drone x2  
  30  2:28  Hatchery  
  29  2:35  Pneumatized Carapace  
  29  2:37  Drone  
  30  2:38  Drone  
  31  2:45  Queen  
  31  2:50  Overlord  
  33  2:53  Drone  
  33  2:54  Drone  
  33  2:57  Drone  
  36  3:09  Drone x3  
  36  3:10  Drone x2  
  41  3:16  Overlord  
  41  3:18  Drone  
  42  3:21  Queen  
  44  3:31  Metabolic Boost  
  44  3:33  Overlord  
  44  3:34  Drone  
  44  3:36  Drone  
  44  3:41  Drone  
  47  3:42  Drone  
  47  3:46  Queen  
  50  3:49  Drone x4  
  50  3:50  Drone  
  50  3:54  Drone x3  
  58  3:56  Drone  
  58  4:02  Queen  
  61  4:03  Overlord  
  61  4:05  Drone  
  61  4:07  Drone  
  63  4:13  Overlord  
  63  4:22  Drone x3  
  66  4:28  Overlord  
  66  4:30  Hatchery  
  65  4:31  Extractor  
  65  4:32  Drone x6  
  65  4:36  Zergling x2  
  65  4:37  Zergling x2  
  72  4:40  Zergling x2  
  72  4:45  Drone  
  74  4:48  Spore Crawler, Drone x3  
  74  4:49  Drone  
  74  4:51  Extractor  
  76  4:53  Evolution Chamber x2  
  76  4:54  Zergling x6  
  76  4:55  Overlord  
  76  4:58  Drone x2  
  76  4:59  Lair  
  79  5:03  Baneling Nest  
  79  5:04  Drone  
  79  5:06  Extractor  
  78  5:07  Overlord  
  78  5:11  Drone  
  79  5:16  Drone x2  
  79  5:17  Drone x5  
  79  5:20  Overlord  
  85  5:23  Zergling x2  
  85  5:28  Zergling x6  
  88  5:29  Zerg Ground Armor Level 1  
  88  5:30  Zerg Melee Weapons Level 1, Zergling x4  
  88  5:33  Extractor  
  88  5:35  Drone  
  90  5:37  Extractor  
  90  5:38  Drone  
  91  5:42  Zergling x2  
  91  5:43  Zergling x2  
  91  5:47  Zergling x6  
  95  5:51  Zergling x2, Drone  
  95  5:53  Queen  
  95  5:54  Zergling x4  
  95  5:55  Zergling x2  
  102  5:57  Centrifical Hooks  
  102  5:59  Drone  
  102  6:02  Drone  
  102  6:03  Zergling x6, Hydralisk Den  
  102  6:04  Zergling x4  
  108  6:06  Drone x2  
  108  6:09  Infestation Pit, Zergling x2  
  110  6:13  Overlord  
  110  6:20  Drone x2  
  110  6:23  Overlord  
  110  6:26  Drone  
  110  6:28  Overlord  
  111  6:33  Overlord  
  111  6:37  Drone x9  
  120  6:40  Lurker Den  
  120  6:41  Overlord  
  120  6:44  Muscular Augments  
  120  6:45  Hydralisk x3  
  125  6:47  Baneling x4  
  125  6:50  Hydralisk  
  125  6:51  Zergling x2  
  125  6:52  Overlord  
  128  6:59  Hive  
  128  7:00  Drone x2  
  130  7:01  Hydralisk  
  130  7:03  Hydralisk  
  130  7:06  Hydralisk  
  135  7:09  Zergling x2, Hydralisk  
  135  7:12  Baneling x6  
  135  7:13  Drone x5  
  135  7:14  Hydralisk  
  135  7:15  Extractor, Zergling x6  
  147  7:16  Extractor  
  147  7:17  Overlord  
  146  7:25  Zerg Ground Armor Level 2  
  146  7:26  Drone x6  
  152  7:34  Overlord  
  151  7:38  Lurker  
  151  7:39  Lurker  
  151  7:41  Hatchery  
  150  7:44  Zergling x20  
  150  7:50  Zerg Melee Weapons Level 2  
  159  7:53  Zergling x4, Hydralisk  
  159  7:54  Zergling x6  
  164  7:58  Zergling x6  
  164  8:04  Overlord  
  167  8:08  Seismic Spines, Drone x5  
  167  8:10  Lurker x3  
  167  8:11  Lurker  
  176  8:13  Overlord  
  175  8:21  Overlord  
  175  8:24  Grooved Spines  
  176  8:27  Drone x3  
  178  8:36  Viper  
  178  8:37  Viper  
  178  8:39  Zergling x26  
  197  8:42  Hatchery  
  197  8:47  Overlord  
  189  8:58  Hydralisk x3  
  189  8:59  Zergling x10  
  189  9:01  Overlord  
  200  9:07  Extractor  
  200  9:08  Extractor, Baneling x11  
  198  9:11  Spore Crawler  
  198  9:14  Viper  
  197  9:17  Zergling x6  
  197  9:23  Adaptive Talons  
  197  9:25  Zergling x2, Hydralisk  
  197  9:26  Zergling x4  
  197  9:27  Zergling x6  
  197  9:29  Queen, Hydralisk x2  
  197  9:30  Extractor, Zergling x4  
  182  9:41  Zergling x2, Hydralisk  
  182  9:42  Zergling x22  
  193  9:46  Drone x2  
  193  9:48  Zergling x4, Queen, Hydralisk  
  193  9:50  Drone  
  188  9:55  Zergling x2  
  188  9:59  Hydralisk  
  186  10:00  Zergling x6  
  186  10:03  Zerg Ground Armor Level 3  
  190  10:07  Drone x3  
  190  10:11  Queen  
  190  10:13  Lurker  
  190  10:14  Lurker  
  196  10:15  Drone x3  
  199  10:25  Extractor x2  
  199  10:26  Spore Crawler  
  199  10:27  Zergling x10, Spine Crawler x2  
  198  10:31  Lurker  
  186  10:42  Hydralisk  
  186  10:43  Zergling x26  
  186  10:46  Zergling x6, Hydralisk  
  186  10:49  Spawning Pool  
  190  10:52  Hydralisk x2  
  190  10:53  Zergling x6  
  190  10:54  Queen  
  183  10:58  Hydralisk  
  183  10:59  Hydralisk x2  
  183  11:02  Drone x3  
  183  11:03  Zerg Melee Weapons Level 3  
  185  11:12  Drone x4  
  185  11:17  Lurker x3  
  185  11:18  Lurker x2  
  194  11:22  Extractor  
  194  11:24  Baneling  
  194  11:25  Baneling x15  
  193  11:32  Drone x2  
  193  11:40  Zergling x14  
  188  12:08  Viper x2  
  188  12:09  Viper x2  
  188  12:12  Drone  
  188  12:13  Drone x5  
  188  12:15  Zergling x2, Hydralisk  
  190  12:16  Zergling x12  
  190  12:18  Lurker Den  
  190  12:21  Hydralisk  
  190  12:22  Zergling x10  
  200  12:28  Hydralisk  
  200  12:29  Zergling x8  
  199  12:31  Queen  
  199  12:36  Zergling x6, Hydralisk  
  199  12:37  Zergling x4  
  199  12:43  Zergling x4, Hydralisk  
  199  12:44  Zergling x4  
  179  12:45  Queen  
  179  12:47  Zergling x2, Hydralisk  
  179  12:51  Hydralisk  
  166  12:52  Zergling x2  
  166  12:53  Hydralisk  
  166  12:55  Queen  
  166  12:56  Hydralisk  
  166  12:57  Zergling x2  
  168  12:59  Zergling x2  
  168  13:01  Hydralisk  
  168  13:04  Hatchery  
  155  13:06  Extractor, Zergling x4  
  155  13:10  Drone x2  
  158  13:13  Extractor  
  158  13:16  Lurker x8  
  158  13:17  Zergling x6, Lurker  
  158  13:19  Hydralisk  
  171  13:23  Zergling x6, Hydralisk  
  171  13:24  Zergling x2  
  177  13:27  Zergling x2  
  177  13:31  Zergling x12, Queen  
  177  13:33  Zergling x2  
  184  13:39  Drone x3  
  187  13:41  Drone x3  
  187  13:43  Baneling x4  
  187  13:44  Extractor, Baneling x7, Hydralisk  
  191  13:52  Zergling x8  
  183  14:01  Hydralisk  
  183  14:02  Zergling x16  
  181  14:03  Hydralisk  
  181  14:04  Hydralisk  
  181  14:09  Hydralisk x4  
  157  14:10  Hydralisk  
  157  14:15  Viper x3  
  157  14:16  Hydralisk  
  167  14:19  Hydralisk x2  
  172  14:29  Drone x3  
  171  14:32  Hydralisk x3  
  171  14:36  Baneling x7  
  181  14:38  Hydralisk  
  181  14:44  Hatchery  
  180  14:50  Zergling x4  
  180  14:51  Zergling x10  
  185  14:56  Zergling x4, Hydralisk x2  
  185  14:57  Zergling x2  
  188  15:06  Lurker x4  
  184  15:11  Zerg Missile Weapons Level 1  
  184  15:13  Lurker x3  
  187  15:20  Zergling x28  
  183  15:21  Hydralisk x2  
  183  15:26  Hydralisk  
  177  15:34  Hydralisk x2  
  177  15:35  Zergling x4  
  168  15:43  Drone x4  
  168  15:44  Drone x4  
  168  15:49  Hydralisk  
  172  15:54  Hydralisk x5  
  182  16:01  Drone x4  
  182  16:02  Lurker x2  
  182  16:03  Lurker x3  
  186  16:04  Drone x2  
  186  16:05  Drone  
  186  16:06  Drone  
  186  16:11  Zergling x4, Hydralisk  
  190  16:12  Zergling x2  
  190  16:16  Zergling x4  
  190  16:17  Zergling x4  
  199  16:22  Zergling x2  
  196  16:26  Spore Crawler  
  196  16:27  Spore Crawler  
  187  16:39  Hydralisk x6  
  183  16:40  Zergling x2, Hydralisk x2  
  182  16:47  Hydralisk x2  
  182  16:48  Zergling x8  
  182  16:50  Lurker  
  179  16:59  Hydralisk  
  179  17:00  Zergling x18  
  180  17:03  Hydralisk  
  180  17:04  Zergling x2  
  170  17:13  Hydralisk  
  170  17:14  Zergling x14  
  154  17:27  Queen, Drone x8  
  164  17:31  Zergling x2, Hydralisk  
  164  17:33  Lurker x3  
  164  17:34  Zergling x4  
  172  17:40  Hydralisk  
  172  17:41  Zergling x4  
  172  17:45  Lurker x2  
  172  17:46  Lurker  
  175  17:52  Hydralisk x3  
  180  18:00  Hydralisk x2  
  180  18:01  Zergling x2  
  169  18:15  Zergling x2, Hydralisk x5  
  159  18:24  Hydralisk x4  
  163  18:29  Zergling x10  
  163  18:33  Hydralisk  
  170  18:35  Queen  
  170  18:38  Hydralisk x2  
  170  18:41  Zergling x6  
  163  18:51  Zergling x10  
  163  18:52  Lurker x3  
  167  19:01  Lurker x2  
  168  19:03  Zergling x12  
  168  19:04  Zergling x4  
  168  19:07  Lurker  
  168  19:09  Zergling x6  
  180  19:14  Lurker  
  149  19:32  Hydralisk  
  149  19:33  Zergling x20  
  135  19:38  Hydralisk x2  
  135  19:43  Hydralisk x3  
  135  19:44  Zergling x4  
  135  19:45  Hydralisk  
  113  19:53  Lurker x2  
  113  19:54  Zergling x6  
  113  19:55  Zergling x2  
  113  19:57  Zergling x2  
  118  20:00  Zergling x4  
  118  20:05  Zergling x2  
Show
View Real Time Build Order
Export as new Build Order

lIIllllIIlll Terran - Winner!

Build Orders: Reaper Expand 

Get SALT Encoding   

  12  0:00  SCV  
  13  0:12  SCV  
  14  0:17  Supply Depot  
  14  0:24  SCV  
  15  0:38  SCV  
  15  0:40  Barracks  
  16  0:43  Refinery  
  16  0:50  SCV  
  17  1:02  SCV  
  18  1:14  SCV  
  19  1:27  Orbital Command, Reaper  
  20  1:39  Command Center  
  20  1:48  Supply Depot  
  20  1:52  SCV  
  21  1:59  Marine  
  22  2:04  SCV  
  22  2:06  Factory  
  23  2:16  SCV  
  23  2:20  Barracks Reactor  
  24  2:28  SCV  
  25  2:40  Command Center  
  25  2:41  SCV  
  26  2:52  Orbital Command  
  26  2:53  SCV  
  26  2:57  Starport  
  27  3:04  Refinery, Hellion  
  29  3:06  SCV  
  29  3:12  Hellion  
  32  3:14  Barracks Tech Lab  
  32  3:19  SCV x2  
  34  3:30  Hellion  
  34  3:33  Hellion  
  38  3:35  Viking  
  38  3:38  SCV x2  
  42  3:52  SCV  
  42  3:53  Orbital Command, SCV  
  42  3:54  Marine, Stimpack  
  45  4:02  Barracks  
  45  4:05  SCV x2  
  45  4:06  Starport Reactor  
  45  4:09  Barracks  
  47  4:11  Marine  
  49  4:17  Supply Depot, SCV x2  
  49  4:20  Orbital Command  
  49  4:22  Factory Tech Lab  
  50  4:25  Refinery  
  50  4:26  Refinery  
  50  4:29  SCV x2  
  50  4:30  Marine  
  53  4:37  Engineering Bay x2  
  53  4:41  SCV x2  
  53  4:45  Supply Depot  
  55  4:48  Marine  
  55  4:51  Starport Reactor  
  55  4:52  Marine x2  
  58  4:54  SCV x2  
  58  4:55  SCV  
  64  5:03  Terran Infantry Weapons Level 1, Terran Infantry Armor Level 1  
  64  5:04  Marine x2  
  64  5:06  Marine, SCV x2  
  66  5:07  SCV  
  66  5:10  Supply Depot  
  65  5:14  Siege Tank  
  65  5:17  Marine x2  
  65  5:19  SCV  
  65  5:20  SCV  
  70  5:22  Marine, SCV  
  69  5:31  Medivac x2  
  69  5:32  Supply Depot  
  69  5:33  SCV  
  69  5:34  Combat Shield, SCV  
  75  5:36  SCV  
  75  5:40  Marine  
  75  5:41  Marine  
  75  5:42  Marine  
  78  5:44  Supply Depot  
  78  5:48  SCV x3  
  82  5:59  Barracks  
  82  6:00  Barracks  
  82  6:01  Supply Depot, SCV x3  
  82  6:03  Armory  
  85  6:10  Refinery  
  85  6:11  Refinery  
  85  6:13  SCV x3  
  85  6:16  Marine  
  85  6:17  Marine x4  
  93  6:19  Supply Depot  
  93  6:20  Siege Tank  
  92  6:28  SCV x3  
  92  6:29  Factory  
  95  6:33  Supply Depot  
  95  6:39  Marine x3  
  96  6:40  Marine x2, SCV x3  
  96  6:43  Medivac x2  
  107  6:48  Barracks Reactor x2  
  107  6:54  SCV x2  
  107  6:56  Supply Depot, SCV  
  107  6:59  Terran Infantry Weapons Level 2, Terran Infantry Armor Level 2  
  107  7:01  Marine, Terran Vehicle And Ship Armor Level 1  
  110  7:02  Marine x3  
  110  7:03  Marine  
  115  7:09  Supply Depot  
  115  7:10  Siege Tank  
  118  7:19  Command Center  
  118  7:20  Factory Tech Lab  
  118  7:22  Marine x2  
  118  7:23  Marine x3  
  118  7:29  Missile Turret  
  123  7:30  Supply Depot  
  123  7:31  Marine x2, Medivac x2  
  123  7:32  Marine  
  129  7:45  Barracks  
  129  7:47  Siege Tank x2, Barracks x2  
  135  7:54  SCV x3  
  135  7:57  Supply Depot  
  134  8:02  Medivac x2  
  138  8:06  SCV x3  
  138  8:08  Marine  
  138  8:09  Marauder, Marine x4  
  148  8:18  SCV  
  148  8:19  SCV x2  
  151  8:22  Siege Tank x2  
  157  8:34  Barracks Tech Lab x3  
  157  8:36  Supply Depot, Missile Turret  
  157  8:41  Marine x4  
  157  8:42  Marine x4, Marauder  
  157  8:45  Sensor Tower  
  157  8:46  Planetary Fortress  
  167  8:55  Refinery x2  
  165  8:56  Terran Vehicle And Ship Armor Level 2  
  165  9:01  Marauder x2, Concussive Shells  
  165  9:02  Marauder, Medivac  
  171  9:03  Marauder  
  171  9:05  Medivac  
  171  9:09  Marine x3  
  180  9:16  Marine x2  
  180  9:17  Marine  
  180  9:21  Terran Infantry Weapons Level 3  
  180  9:30  Supply Depot  
  180  9:31  Marine, Supply Depot  
  180  9:32  Marine, Supply Depot  
  180  9:35  Marine  
  180  9:41  Terran Infantry Armor Level 3  
  180  9:51  Marine x8  
  180  9:52  Marauder  
  188  9:53  Marauder, Medivac x2  
  191  10:01  Starport  
  191  10:02  Starport, Fusion Core, Marauder  
  191  10:03  Marine  
  177  10:09  Marine, Marauder  
  177  10:13  Marauder  
  182  10:16  Marauder  
  182  10:17  Command Center  
  184  10:22  Marine x6  
  184  10:24  Marauder  
  184  10:28  Medivac x2  
  195  10:35  Missile Turret  
  195  10:38  Missile Turret  
  195  10:42  Missile Turret  
  195  10:43  Starport Reactor x2  
  195  10:48  Advanced Ballistics  
  195  10:50  Marauder x4  
  195  10:56  Marine x8  
  196  11:01  Medivac x2  
  179  11:11  Marauder x3, Liberator  
  179  11:12  Marauder, Liberator x3  
  179  11:13  Marine  
  179  11:16  Liberator  
  179  11:17  Terran Vehicle And Ship Armor Level 3  
  200  11:51  Command Center  
  199  11:54  Planetary Fortress  
  199  12:00  Liberator x2  
  199  12:09  Liberator x2  
  199  12:11  Refinery, Command Center  
  199  12:12  Refinery, Sensor Tower  
  189  12:17  Medivac x2  
  195  12:30  Liberator x2  
  195  12:37  Marauder x2, Marine  
  195  12:38  Marine x4  
  195  12:43  Liberator  
  194  12:46  Missile Turret  
  176  12:53  Marine x2, Marauder x2  
  185  12:58  Marauder, SCV x3  
  185  12:59  SCV  
  179  13:06  Liberator x3  
  179  13:10  SCV x3  
  179  13:11  SCV  
  180  13:15  Refinery  
  180  13:16  Missile Turret  
  180  13:22  SCV  
  180  13:25  Orbital Command  
  190  13:27  Command Center  
  190  13:29  SCV x3  
  190  13:33  Marauder  
  190  13:34  Marauder x2, SCV  
  200  13:46  Refinery  
  200  13:49  Liberator x2  
  200  13:50  Liberator x2  
  182  14:06  Medivac  
  182  14:08  Marine x9, Marauder x3  
  200  14:12  Command Center  
  193  14:39  Marauder x3  
  193  14:40  SCV  
  193  14:43  Planetary Fortress  
  193  14:44  Missile Turret  
  193  14:45  Command Center  
  200  14:51  Terran Ship Weapons Level 1, Liberator  
  200  14:52  Liberator x4  
  197  15:03  Liberator  
  184  15:21  Marine x3, Marauder x2  
  184  15:22  Marine x6, Marauder  
  197  15:34  Liberator  
  194  15:39  Marine x6  
  183  15:43  Marauder x2, Marine  
  183  15:44  Marine, Marauder x2  
  189  15:50  Siege Tank x2  
  189  15:55  SCV x2  
  189  15:56  Orbital Command x2  
  192  15:57  Marine x6  
  192  15:58  SCV x2  
  192  16:01  Marine  
  200  16:15  Marauder  
  200  16:21  Liberator x4  
  190  16:41  Marine x9, Marauder x3  
  190  16:46  Terran Ship Weapons Level 2  
  199  16:49  Command Center  
  199  16:58  Medivac  
  199  16:59  Medivac  
  199  17:00  SCV x3  
  193  17:06  Marauder x4  
  196  17:11  Marine x3  
  196  17:14  Marine x3  
  167  17:16  SCV x2  
  167  17:18  SCV x3  
  167  17:25  Medivac x2  
  167  17:26  Medivac  
  167  17:28  Marauder, SCV x2  
  167  17:29  Marauder x3  
  175  17:30  Marine  
  175  17:32  Orbital Command  
  175  17:34  SCV  
  175  17:35  SCV  
  175  17:36  SCV  
  179  17:39  Orbital Command  
  179  17:47  Liberator x4  
  179  17:48  Medivac x2  
  179  17:50  Marauder x3  
  189  17:52  Marine  
  199  18:12  Liberator  
  196  18:17  Siege Tank x2  
  196  18:19  Marauder x3  
  193  18:24  Marine x9  
  175  18:37  Liberator  
  172  18:42  Marine x3, Marauder x3  
  167  18:51  Liberator  
  167  18:54  Planetary Fortress  
  170  18:58  SCV x3  
  170  19:00  SCV x3  
  166  19:12  SCV  
  166  19:16  Sensor Tower  
  162  19:25  Liberator  
  162  19:27  Marauder x4  
  162  19:28  Marine x3  
  138  19:44  Marine  
  138  19:45  Marine x4  
  133  19:46  Marine  
  133  19:47  Marine x2  
  133  19:49  Marauder x4  
  144  20:00  SCV x2  
  144  20:02  Marine  
  144  20:03  Marine x2  
  144  20:04  Marine  
  144  20:06  Marine x4  
  150  20:07  SCV x3  
  150  20:08  Refinery x2  
Tags
 
Add a new tag
Caveats
  • Supply blocks, unpowered buildings, or Contaminate may cause inaccurate times.
  • Supply counts are checked every 10 seconds.